 Dungeon Crawl Stone Soup version 0.19-a0-805-g0a78ef0 (webtiles) character file.

61 4thArraOfDagon the Chopper (level 4, -10/37 HPs)
             Began as a Formicid Monk on June 27, 2016.
             Was a Believer of Makhleb.
             Mangled by a white ugly thing (32 damage)
             ... on level 12 of the Dungeon.
             The game lasted 00:04:16 (582 turns).

4thArraOfDagon the Chopper (Formicid Monk)           Turns: 582, Time: 00:04:17

Health: -10/37     AC: 10    Str: 17    XL:     4   Next: 27%
Magic:  4/4        EV:  5    Int:  9    God:    Makhleb [**....]
Gold:   26         SH:  0    Dex: 13    Spells: 0 memorised, 3 levels left

rFire  . . .     SeeInvis +     a - +0 hand axe
rCold  . . .     Gourm    .     e - +0 plate armour
rNeg   . . .     Faith    .     (no shield)
rPois  .         Spirit   .     (helmet unavailable)
rElec  .         Dismiss  .     (no cloak)
rCorr  .         Reflect  .     (no gloves)
SustAt .         Harm     .     (no boots)
MR     .....                    (no amulet)
Stlth  ..........               (no ring)
                                (no ring)

@: not resistant to hostile enchantments, extremely unstealthy
A: permanent stasis, dig shafts and tunnels, four strong arms, antennae 3
a: Dig, Shaft Self, Minor Destruction, Renounce Religion


You were on level 12 of the Dungeon.
You worshipped Makhleb.
Makhleb was pleased with you.
You were not hungry.

You visited 1 branch of the dungeon, and saw 9 of its levels.

You collected 26 gold pieces.

Inventory:

Hand Weapons
 a - a +0 hand axe (weapon)
Armour
 e - a +0 plate armour (worn)
Magical Staves
 b - an uncursed staff of death {unknown}
Comestibles
 c - a bread ration


   Skills:
 + Level 3.9 Fighting
 * Level 4.1 Axes
 * Level 1.3 Armour
 - Level 2.6 Dodging
 - Level 2.4 Stealth


You had 3 spell levels left.
You didn't know any spells.

Dungeon Overview and Level Annotations

Branches:
Dungeon (12/15)
 Temple: D:4-7         Lair: D:8-11         Orc: D:9-12

Altars:
Ashenzari
Makhleb
Pakellas

Shops:
D:11 *


Innate Abilities, Weirdness & Mutations

You are under a permanent stasis effect.
You can dig through walls and to a lower floor.
Your four strong arms can wield two-handed weapons with a shield.
You have a pair of large antennae on your head. (SInv)


Message History

The shaft crumbles and collapses.
Found a crooked smoking staff.
Found a stone staircase leading up.
You see here a crooked smoking staff.
b - a crooked smoking staff Unknown command.
Unknown command.
Unknown command.
A white ugly thing comes into view.
The white ugly thing gurgles horribly!
Unknown command.
There is a stone staircase leading up here.
Found a meat ration.
You see here a meat ration.
Are you sure you want to shaft yourself?
You feel quite a bit more hungry.
You begin to dig a shaft.
You continue digging a shaft.
The white ugly thing tail-slaps you. The white ugly thing freezes you!!
Ouch! That really hurt!
You die...

#{{ {
#.###########
#...........#
####.u@.....#
#.########
#.<# #..#
#### #..#
.....#..# #.
{#......#
#.#+#+#+##.#
#........#.#


You could see a white ugly thing.

Vanquished Creatures
  A hound (D:6)
  A dart slug (D:2)
  An orc (D:5)
  2 bats (D:2)
  A hobgoblin (D:1)
  4 jackals (D:6)
  A kobold (D:11)
  A rat (D:2)
12 creatures vanquished.

Vanquished Creatures (others)
  An orc wizard (D:9)
1 creature vanquished.

Grand Total: 13 creatures vanquished

Notes
Turn   | Place    | Note
--------------------------------------------------------------
     0 | D:1      | 4thArraOfDagon the Formicid Monk began the quest for the Orb.
     0 | D:1      | Reached XP level 1. HP: 18/18 MP: 1/1
    65 | D:2      | Found a burning altar of Makhleb.
    72 | D:2      | Became a worshipper of Makhleb the Destroyer
    72 | D:2      | Reached * piety under Makhleb
    72 | D:2      | Reached ** piety under Makhleb
    85 | D:2      | Reached XP level 2. HP: 9/24 MP: 2/2
   126 | D:2      | You fall through a shaft for 2 floors!
   136 | D:5      | Entered Level 5 of the Dungeon
   136 | D:5      | Found an oddly glowing altar of Pakellas.
   136 | D:5      | Noticed a crimson imp
   153 | D:4      | You fall through a shaft for 2 floors!
   153 | D:6      | Noticed a crimson imp
   163 | D:6      | Found a shattered altar of Ashenzari.
   214 | D:6      | Reached skill level 1 in Armour
   214 | D:6      | Reached XP level 3. HP: 7/30 MP: 3/3
   316 | D:5      | You fall through a shaft for 2 floors!
   322 | D:7      | Noticed an ogre
   323 | D:7      | Noticed a giant frog
   326 | D:7      | You fall through a shaft for 2 floors!
   337 | D:9      | Reached skill level 4 in Axes
   337 | D:9      | Reached XP level 4. HP: 18/37 MP: 4/4
   340 | D:9      | You fall through a shaft for 2 floors!
   342 | D:11     | Noticed a kobold demonologist
   350 | D:11     | Noticed a sky beast
   370 | D:11     | HP: 1/37 [sky beast (6)]
   373 | D:11     | You fall through a shaft!
   533 | D:12     | Noticed a gargoyle
   547 | D:11     | Found Iweunog's Assorted Antiques.
   547 | D:11     | Noticed a centaur
   548 | D:11     | Noticed a centaur
   548 | D:11     | Noticed a wraith
   551 | D:11     | You fall through a shaft!
   564 | D:12     | Noticed a white ugly thing
   582 | D:12     | Mangled by a white ugly thing

Vault maps used:
D:1:      tarquinn_simple_flora_water_b
D:2:      lightli_temple_of_fire, nicolae_dithmenos_through_a_glass_darkly
D:4:      grunt_temple_overflow_gold_and_silver, gammafunk_temple_overflow_claw
D:5:      gup_ossuary_entry_pyramid, basic_altar, first_bread, tso_metal_star
D:6:      cheibrodos_ashenzari_chains
D:7:      grunt_livestock, uniq_duvessa
D:9:      minmay_lair_entry_grove
D:11:     serial_shops, nicolae_shop_overgrown_old_shop
D:12:     david_orc_1_choice, basic_altar, uniq_nessos, uniq_sonja

Skill      XL: |  1  2  3 |
---------------+----------+-----
Armour         | 1 |  1.3
Axes           | 4 |  4.1
Fighting       | |  3.9
Dodging        | |  2.6
Stealth        | |  2.4

Action                   |  1- 3 |  4- 6 || total
-------------------------+-------+-------++-------
Melee: Hand axe          |    76 |     6 ||    82
 Abil: Shaft Self        |     4 |     4 ||     8
       Dig               |     2 |     4 ||     6
  Use: Potion            |     2 |       ||     2
       Scroll            |     3 |       ||     3
  Eat: Bread ration      |       |     1 ||     1
Armor: Plate armour      |   104 |     8 ||   112
Dodge: Dodged            |    25 |       ||    25
